 Dungeon Crawl Stone Soup version 0.27.0-1-g7a089689b8 (webtiles) character file.

Game seed: 9284837296709096431

1514 trckry the Cudgeller (level 8, -11/74 HPs)
             Began as an Ogre Warper on Aug 14, 2021.
             Was a Believer of the Shining One.
             Shot with a sling bullet by Joseph (25 damage)
             ... on level 7 of the Dungeon.
             The game lasted 00:17:07 (8364 turns).

trckry the Cudgeller (Ogre Warper)                  Turns: 8364, Time: 00:17:07

Health: -11/74     AC:  4    Str: 17    XL:     8   Next: 83%
Magic:  14/20      EV:  9    Int: 15    God:    the Shining One [**....]
Gold:   297        SH:  0    Dex:  8    Spells: 1/11 levels left

rFire    . . .     SeeInvis .   a - +1 flail (protect)
rCold    . . .     Faith    .   (no shield)
rNeg     + + .     Spirit   .   b - +0 robe
rPois    .         Reflect  .   (helmet restricted)
rElec    .         Harm     .   p - +0 cloak
rCorr    .         Rampage  .   (gloves unavailable)
Will     .....                  (boots unavailable)
Stlth    +.........             y - amulet of magic regeneration
HPRegen  0.22/turn              e - ring of positive energy
MPRegen  0.42/turn              i - ring of magical power

@: very slightly contaminated, glowing
A: large, unfitting armour, tough skin 1
a: Renounce Religion, Divine Shield


You were on level 7 of the Dungeon.
You worshipped the Shining One.
The Shining One was pleased with you.
You visited 1 branch of the dungeon, and saw 7 of its levels.

You collected 297 gold pieces.

Inventory:

Hand Weapons
 a - a +1 flail of protection (weapon)
 w - a +0 morningstar
 x - a +0 giant club
Missiles
 d - a boomerang of dispersal
 g - 34 poisoned darts (quivered)
 C - 3 boomerangs
Armour
 b - a +0 robe (worn)
 p - a +0 cloak (worn)
Jewellery
 e - a ring of positive energy (left hand)
 i - a ring of magical power (right hand)
 y - an amulet of magic regeneration (around neck)
 B - a +6 ring of intelligence
Wands
 o - a wand of flame (31)
 s - a wand of iceblast (10)
 t - a wand of acid (7)
 z - a wand of mindburst (14)
Scrolls
 c - a scroll of blinking
 f - 2 scrolls of holy word {unknown}
 l - a scroll of summoning {unknown}
 m - 4 scrolls of teleportation {unknown}
 n - a scroll of immolation {unknown}
 q - a scroll of magic mapping {unknown}
 u - a scroll of amnesia {unknown}
 v - a scroll of identify {unknown}
Potions
 h - 5 potions of flight {unknown}
 j - 2 potions of berserk rage {unknown}
 k - 3 potions of heal wounds {unknown}
 r - 2 potions of might {unknown}
 A - 2 potions of curing


   Skills:
 - Level 2.6 Fighting
 * Level 7.8 Maces & Flails
 - Level 1.0 Throwing
 - Level 2.1 Dodging
 - Level 2.4 Spellcasting
 + Level 5.9 Translocations
 + Level 3.6 Invocations


You had one spell level left.
You knew the following spells:

 Your Spells              Type           Power      Damage    Failure   Level
a - Blink                 Tloc           N/A        N/A       2%          2
b - Gell's Gravitas       Tloc           9%         N/A       5%          3
c - Manifold Assault      Tloc           19%        N/A       45%         5

Your spell library contained the following spells:

 Spells                   Type           Power      Damage    Failure   Level
 Corona                   Hex            1%         N/A       22%         1
 Lesser Beckoning         Tloc           9%         N/A       5%          3
 Teleport Other           Tloc           19%        N/A       5%          3
 Ensorcelled Hibernation  Hex/Ice        2%         N/A       32%         2
 Spider Form              Tmut/Pois      0%         N/A       54%         3
 Tukima's Dance           Hex            1%         N/A       54%         3
 Shadow Creatures         Summ           N/A        N/A       100%        6


Dungeon Overview and Level Annotations

Branches:
Dungeon (7/15)
 Temple: D:4-7

Altars:
The Shining One

Shops:
D:2 [(=   D:3 *   D:5 *?   D:6 (*([

Annotations:
D:7 Joseph


Innate Abilities, Weirdness & Mutations

You are too large for most types of armour.
You have tough skin. (AC +1)


Message History

The orc warrior looks even sicker.
The orc warrior is heavily wounded.
The orc warrior closely misses you.
Casting: Gell's Gravitas (dangerous; 6% risk of failure)
Confirm with . or Enter, or press ? or * to list all spells.
You don't know that spell.
Casting: Gell's Gravitas (dangerous; 6% risk of failure)
Confirm with . or Enter, or press ? or * to list all spells.
Aiming: Gell's Gravitas (dangerous; 6% risk of failure)
Press: ? - help, Dir - move target, f - Joseph, p - orc warrior
Aim: Joseph, wielding a +0 hunting sling, wearing a +3 ring mail of poison resistance and quivering sling bullets Gravity reorients around Joseph.
You now have 17/20 mp.
Casting: Gell's Gravitas (dangerous; 6% risk of failure)
Confirm with . or Enter, or press ? or * to list all spells.
Aiming: Gell's Gravitas (dangerous; 6% risk of failure)
Press: ? - help, Dir - move target, f/p - Joseph
Aim: Joseph, wielding a +0 hunting sling, wearing a +3 ring mail of poison resistance and quivering sling bullets You miscast Gell's Gravitas.
You are very lightly contaminated with residual magic.
Nothing appears to happen.
A wight comes into view. It is wielding a +4 great sword.
The orc warrior hits you from afar with a +0 glaive!
You take 16 damage, and have 35/74 hp.
MASSIVE DAMAGE!!
You now have 14/20 mp.
Casting: Gell's Gravitas (dangerous; 6% risk of failure)
Confirm with . or Enter, or press ? or * to list all spells.
Aiming: Gell's Gravitas (dangerous; 6% risk of failure)
Press: ? - help, Dir - move target, f/p - Joseph
Aim: Joseph, wielding a +0 hunting sling, wearing a +3 ring mail of poison resistance and quivering sling bullets (haloed) Gravity reorients around Joseph.
The orc warrior collides with Joseph!
The wight collides with Joseph!
The orc warrior barely misses you.
You now have 12/20 mp.
Found a scale mail.
You kill the orc warrior!
There is a stone staircase leading down here.
Joseph shoots a sling bullet.
The sling bullet hits you!!
* * * LOW HITPOINT WARNING * * *
You take 22 damage, and have 14/74 hp.
MASSIVE DAMAGE!!
Joseph shoots a sling bullet.
The sling bullet hits you!!
You die...

#(# .# ##.## .#
##...###.##
#.....)...####
##..)###.......
#.............
#.####...###.#
#(###.....## #
#.##..@....#
#<##.......#
#)##..>....#
#.###.....## #.#
##..?##
#.####..####.
#.....#@..@.....(.#
#..###z####........
# #. ##.....#[


You could see Joseph.

Vanquished Creatures
  Eustachio (D:6)
  A steam dragon (D:6)
  An ice beast (D:6)
  2 orc warriors
  An ogre (D:5)
  A kobold brigand (D:6)
  A wyvern zombie (D:7)
  A scorpion (D:5)
  A water moccasin zombie (D:5)
  2 wights (D:7)
  A centaur zombie (D:5)
  A bullfrog skeleton (D:4)
  Crazy Yiuf (D:5)
  2 hounds (D:5)
  An orc priest (D:4)
  Jessica (D:3)
  Ijyb (D:3)
  Natasha (thrice) (D:3)
  A hound skeleton (D:3)
  A howler monkey zombie (D:5)
  3 gnolls (D:3)
  8 adders
  A white imp (D:5)
  A worm (D:3)
  6 dart slugs
  16 orcs
  5 ball pythons
  8 endoplasms
  A giant cockroach (D:4)
  6 goblins
  5 hobgoblins
  12 jackals
  A quokka (D:3)
  3 bats
  5 frilled lizards
  8 kobolds
  6 rats
120 creatures vanquished.

Notes
Turn   | Place    | Note
-------+----------+-------------------------------------------
     0 | D:1      | trckry the Ogre Warper began the quest for the Orb.
     0 | D:1      | Reached XP level 1. HP: 22/22 MP: 3/3
   193 | D:1      | Reached skill level 2 in Maces & Flails
   256 | D:1      | Reached XP level 2. HP: 14/29 MP: 5/5
   963 | D:1      | Reached XP level 3. HP: 36/36 MP: 6/6
  1437 | D:2      | Learned a level 2 spell: Blink
  1441 | D:2      | Learned a level 3 spell: Gell's Gravitas
  1489 | D:2      | Reached skill level 3 in Maces & Flails
  1527 | D:2      | Found Borecierph's Armour Shoppe.
  1665 | D:2      | Found Jufaat's Jewellery Shop.
  2037 | D:2      | Found Buj Mah's Antique Weapon Shoppe.
  2069 | D:2      | Found a faded altar of an unknown god.
  2075 | D:2      | Became a worshipper of the Shining One
  2075 | D:2      | Reached * piety under the Shining One
  2135 | D:2      | Reached XP level 4. HP: 11/44 MP: 7/7
  2543 | D:3      | Noticed Natasha
  2553 | D:3      | HP: 4/44 [Natasha (5)]
  2842 | D:3      | Killed Natasha
  3047 | D:3      | Noticed Jessica
  3047 | D:3      | Noticed Natasha
  3060 | D:3      | Killed Jessica
  3061 | D:3      | Reached skill level 4 in Maces & Flails
  3061 | D:3      | Reached XP level 5. HP: 34/50 MP: 8/8
  3066 | D:3      | Killed Natasha
  3896 | D:3      | Found Boreown's Assorted Antiques.
  3948 | D:3      | Reached XP level 6. HP: 59/59 MP: 9/9
  4185 | D:3      | Noticed Natasha
  4188 | D:3      | Killed Natasha
  4246 | D:3      | Noticed Ijyb
  4256 | D:3      | Killed Ijyb
  4415 | D:4      | Reached skill level 5 in Maces & Flails
  4458 | D:4      | Reached ** piety under the Shining One
  5320 | D:5      | Entered Level 5 of the Dungeon
  5362 | D:5      | Found Wareass's General Store.
  5419 | D:5      | Found a runed translucent door.
  5420 | D:5      | Noticed Crazy Yiuf
  5429 | D:5      | Killed Crazy Yiuf
  5660 | D:5      | Found Jiriosoi's Magic Scroll Emporium.
  5698 | D:5      | Reached XP level 7. HP: 62/66 MP: 10/10
  5904 | D:5      | Reached skill level 6 in Maces & Flails
  6561 | D:6      | Noticed Eustachio
  6593 | D:5      | HP: 1/66 [orc warrior (12)]
  6598 | D:5      | Reached skill level 5 in Translocations
  6598 | D:5      | Reached skill level 1 in Invocations
  7364 | D:6      | Killed Eustachio
  7365 | D:6      | Reached XP level 8. HP: 52/74 MP: 11/11
  7431 | D:6      | Reached skill level 7 in Maces & Flails
  8051 | D:6      | Found Uxagathre's Antique Weapon Emporium.
  8052 | D:6      | Found Goaneym's Antique Weapon Emporium.
  8053 | D:6      | Found Bithru's General Store.
  8057 | D:6      | Found Oda Hiel's Armour Emporium.
  8148 | D:6      | Learned a level 5 spell: Manifold Assault
  8351 | D:7      | Noticed Joseph
  8364 | D:7      | Shot with a sling bullet by Joseph

Illustrated notes

Levels and vault maps discovered:
D:1:      dpeg_arrival_snail, layout_loops_corners, corner_web_ring,
          minmay_misc_feat_secret_circle
D:2:      layout_rooms, dreamdust_ecumenical_altar_angels_and_demons,
          serial_shops, shop_statue, nicolae_shop_stone, shop, serial_forest,
          infiniplex_forest_zigzag_1, infiniplex_forest_straight_3,
          infiniplex_forest_lined_3_way, infiniplex_forest_end_3,
          infiniplex_forest_lined_room_2, infiniplex_forest_end_2
D:3:      layout_loops_corners, serial_shops, nicolae_diamond_shop,
          minmay_misc_feat_doors, uniq_ijyb, uniq_jessica, uniq_natasha
D:4:      layout_gridville
D:5:      layout_gridville, serial_shops,
          nicolae_shop_temple_entry_statues_fountains, nicolae_take_the_stairs,
          uniq_crazy_yiuf_cottage
D:6:      layout_rooms, minmay_shop_grid_forest, uniq_eustachio
D:7:      layout_loops_ring, minmay_temple_entry_overgrown, eino_jars,
          uniq_maggie, uniq_joseph, uniq_pikel

Skill      XL: |  1  2  3  4  5  6  7  8 |
---------------+-------------------------+-----
Maces & Flails | 2 3 4 5 6 7 |  7.8
Translocations | 3 4 5 |  5.9
Invocations    | 2 3 |  3.6
Fighting       | |  2.6
Throwing       | |  1.0
Dodging        | |  2.1
Spellcasting   | |  2.4

Action                   |  1- 3 |  4- 6 |  7- 9 || total
-------------------------+-------+-------+-------++-------
Melee: Mace              |   127 |    51 |       ||   178
       Flail             |       |    91 |   127 ||   218
Throw: Boomerang         |       |     3 |     1 ||     4
       Dart              |       |     9 |    49 ||    58
 Cast: Gell's Gravitas   |       |       |    19 ||    19
       Blink             |       |       |     3 ||     3
Evoke: Wand              |       |       |     4 ||     4
Armor: Robe              |    48 |    45 |    96 ||   189
Dodge: Dodged            |    73 |    69 |    86 ||   228
